 Dungeon Crawl Stone Soup version 0.27.1-34-g3ba077fa99 (webtiles) character file.

Game seed: 2887945094117157261

164 mtoz the Ducker (level 5, 40/40 HPs)
             Began as a Djinni Gladiator on Jan 4, 2022.
             Quit the game on level 2 of the Dungeon.
             The game lasted 00:27:47 (2694 turns).

mtoz the Ducker (Djinni Gladiator)                  Turns: 2694, Time: 00:27:47

Health: 40/40      AC:  1    Str: 14    XL:     5   Next: 73%
Gold:   66         EV: 13    Int: 10    God:
                   SH:  0    Dex: 14

rFire    + + .     SeeInvis .   a - +0 rapier
rCold    x . .     Faith    .   (no shield)
rNeg     . . .     Spirit   .   (no armour)
rPois    ∞         Reflect  .   (no helmet)
rElec    .         Harm     .   (no cloak)
rCorr    .         Rampage  .   r - +0 pair of gloves
Will     .....                  (boots unavailable)
Stlth    +.........             (no amulet)
HPRegen  0.13/turn              (no ring)
MPRegen  0.00/turn              (no ring)

@: flying
A: sickness immunity, fire resistance 2, cold vulnerability 1, float, innate
caster, hp casting, extra vitality 1
a: no special abilities


You were on level 2 of the Dungeon.
You visited 1 branch of the dungeon, and saw 3 of its levels.

You collected 66 gold pieces.

Inventory:

Hand Weapons
 a - a +0 rapier (weapon)
 c - a +0 short sword
 j - a +0 dagger
 t - a +0 war axe
Missiles
 d - a throwing net (quivered)
Armour
 e - a +0 helmet
 h - a +0 ring mail
 r - a +0 pair of gloves (worn)
Magical Staves
 p - a staff of poison
Scrolls
 b - a scroll of fear {unknown}
 l - a scroll of torment
 q - a scroll of fog {unknown}
Potions
 o - a potion of berserk rage {unknown}


   Skills:
 + Level 3.1 Fighting
 + Level 3.4 Short Blades
 + Level 2.5 Throwing
 + Level 1.1 Armour
 + Level 4.2 Dodging


You had one spell level left.
You knew the following spells:

 Your Spells              Type           Power      Damage    Failure   Level
a - Foxfire               Conj/Fire      0%         2x1d4     36%         1
b - Slow                  Hex            0%         N/A       50%         2
Your spell library was empty.

Dungeon Overview and Level Annotations

Branches:
Dungeon (3/15)

Altars:


Innate Abilities, Weirdness & Mutations

You are immune to sickness and miasma.
You are immune to poison.
Your flesh is very heat resistant. (rF++)
You are vulnerable to cold. (rC-)
You float through the air rather than walking.
You learn spells naturally, not from books.
Your magical power is your life essence.
You have superior vitality. (+4 HP)


Message History

The black bear bites you.
The black bear claws you but does no damage.
The black bear barely misses you.
You closely miss the black bear.
The black bear is almost dead.
The black bear bites you but does no damage.
The black bear claws you but does no damage.
The black bear barely misses you.
The black bear bites you but does no damage.
The black bear misses you. The black bear barely misses you.
You hit the black bear.
The black bear is almost dead.
The black bear closely misses you.
The black bear claws you but does no damage.
The black bear completely misses you.
You hit the black bear.
You kill the black bear!
Your Fighting skill increases to level 3!
Your Armour skill increases to level 1!
You have reached level 5!
The power to cast Slow wells up from within.
Spell assigned to 'b'.
You fly upwards.
There is a stone staircase leading down here.
You start resting.
HP restored.
You start removing your armour.
You continue taking off your +0 helmet. x4
You finish taking off your +0 helmet.
You start removing your armour.
You continue taking off your +0 ring mail. x4
You finish taking off your +0 ring mail.
You start removing your armour.
You continue taking off your +0 pair of gloves. x4
You finish taking off your +0 pair of gloves.
Okay, then.
You start putting on your armour.
You continue putting on your +0 pair of gloves. x4
You finish putting on your +0 pair of gloves.
Char dumped successfully.
Are you sure you want to abandon this character and quit the game? (Confirm with "yes".)

##########
##...##..@##
##..........##
#............#
#............#
#............# ###
##..........##########
..#
#.....#...###.......#
## ..######.###.#####
#.......# #.
.......#.# #.#
#.......# #.


There were no monsters in sight!

Vanquished Creatures
  A black bear (D:3)
  An adder (D:2)
  A dart slug (D:3)
  3 orcs (D:3)
  4 ball pythons
  4 endoplasms
  A giant cockroach (D:2)
  9 goblins
  6 hobgoblins
  A jackal (D:3)
  4 quokkas
  5 bats
  8 frilled lizards
  3 kobolds
  5 rats
56 creatures vanquished.

Notes
Turn   | Place    | Note
-------+----------+-------------------------------------------
     0 | D:1      | mtoz the Djinni Gladiator began the quest for the Orb.
     0 | D:1      | Reached XP level 1. HP: 18/18 MP: 0/0
   210 | D:1      | Reached XP level 2. HP: 23/23 MP: 0/0
   553 | D:1      | Reached XP level 3. HP: 28/29 MP: 0/0
   553 | D:1      | Learned a level 1 spell: Foxfire
  1602 | D:2      | Reached XP level 4. HP: 33/34 MP: 0/0
  2179 | D:3      | Noticed a black bear
  2185 | D:3      | Reached skill level 4 in Dodging
  2468 | D:3      | Killed a black bear
  2469 | D:3      | Reached skill level 1 in Armour
  2469 | D:3      | Reached XP level 5. HP: 13/40 MP: 0/0
  2469 | D:3      | Learned a level 2 spell: Slow
  2694 | D:2      | Quit the game

Illustrated notes

Levels and vault maps discovered:
D:1:      dpeg_arrival_houses_and_road, layout_basic, minivault_19,
          minmay_lizard_pond
D:2:      layout_rooms
D:3:      layout_basic, minmay_fractal_squares_diagonal_5

Skill      XL: |  1  2  3  4 |
---------------+-------------+-----
Short Blades   | 3 |  3.4
Throwing       | 2 |  2.5
Dodging        | 4 |  4.2
Fighting       | 3 |  3.1
Armour         | 1 |  1.1

Action                   |  1- 3 |  4- 6 || total
-------------------------+-------+-------++-------
Melee: Rapier            |   149 |    84 ||   233
Throw: Throwing net      |       |     2 ||     2
  Use: Scroll            |       |     2 ||     2
 Stab: Sleeping          |     1 |       ||     1
Armor: Leather armour    |    32 |     7 ||    39
       Ring mail         |       |    46 ||    46
Dodge: Dodged            |    99 |    95 ||   194
